 Dungeon Crawl Stone Soup version 0.30-a0-125-g51eefa89be (webtiles) character file.

Game seed: 391729710274297204

792 blackman the Cudgeller (level 8, 0/52 HPs)
             Began as a Human Monk on Sept 18, 2022.
             Was a Plaything of Xom.
             Splashed by a jelly's acid (5 damage)
             ... summoned by Xom
             ... on level 5 of the Dungeon.
             The game lasted 00:16:14 (6295 turns).

blackman the Cudgeller (Human Monk)                 Turns: 6295, Time: 00:16:15

Health: 0/52       AC: 13    Str: 14    XL:     8   Next: 12%
Magic:  8/8        EV:  6    Int: 11    God:    Xom [....*.]
Gold:   259        SH:  0    Dex: 15    Spells: 7/7 levels left

rFire   + . .      SeeInvis .    g - +1 dagger (venom)
rCold   . . .      Faith    +    (no shield)
rNeg    . . .      Spirit   .    r - +3 chain mail {rF+}
rPois   .          Reflect  .    (no helmet)
rElec   .          Harm     .    z - scarf {repulsion}
rCorr   .          Rampage  .    o - +0 pair of gloves
Will    +....                    d - +0 pair of boots
Stlth   ..........               u - amulet of faith
HPRegen 0.17/turn                v - ring of willpower
MPRegen 0.11/turn                (no ring)

@: repel missiles
A: deterioration 1, frail 1, screaming 1
a: Renounce Religion


You were on level 5 of the Dungeon.
You worshipped Xom.
You were a beloved toy of Xom.
You visited 1 branch of the dungeon, and saw 5 of its levels.

You collected 259 gold pieces.

Inventory:

Hand Weapons
 a - a +0 hand axe
 g - a +1 dagger of venom (weapon)
 i - a -1 executioner's axe
 n - a +0 morningstar
Missiles
 h - 13 poisoned darts (quivered)
Armour
 b - a +0 robe
 d - a +0 pair of boots (worn)
 j - a +0 plate armour
 o - a +0 pair of gloves (worn)
 r - a +3 chain mail of fire resistance (worn)
 z - a scarf of repulsion (worn)
Magical Staves
 c - a staff of death
Jewellery
 u - an amulet of faith (around neck)
 v - a ring of willpower (left hand)
Wands
 m - a wand of acid (3)
 q - a wand of flame (22)
 y - a wand of iceblast (6)
Scrolls
 e - a scroll of vulnerability
 k - 2 scrolls of teleportation
 l - a scroll of magic mapping
 p - a scroll of fog
 x - a scroll of blinking
Potions
 s - a potion of haste {unknown}
 t - a potion of degeneration
 w - a potion of berserk rage {unknown}


   Skills:
 - Level 3.0 Fighting
 * Level 5.3(7.1) Axes
 - Level 7.1(8.0) Maces & Flails
 - Level 3.0 Dodging
 - Level 2.0 Stealth


You had 7 spell levels left.
You didn't know any spells.
Your spell library contained the following spells:

 Spells                   Type           Power      Damage    Failure   Level
 Blink                    Tloc           0%         N/A       100%        2
 Lesser Beckoning         Tloc           0%         N/A       100%        3
 Manifold Assault         Tloc           0%         N/A       100%        4


Dungeon Overview and Level Annotations

Branches:
Dungeon (5/15)
 Temple: D:4-7

Altars:
Qazlal
Uskayaw
Xom

Shops:
D:1 [   D:3 *

Annotations:
D:5 Eustachio


Innate Abilities, Weirdness & Mutations

Your body sometimes deteriorates upon taking damage.
You are frail. (-10% HP)
You occasionally shout uncontrollably at your foes.


Message History

Press: ? - help, Shift-Dir - straight line, f - hound
Aim: a hound (summoned, 60% to hit)
The bolt of acid hits the hound!
The acid corrodes the hound!
The hound is severely wounded.
You hit the hound.
The hound is poisoned.
The hound is severely wounded.
The hound completely misses you. The hound bites you but does no damage.
You completely miss the hound.
The hound is almost dead.
The hound bites you but does no damage.
You miss the hound.
The hound is almost dead.
The hound bites you.
* * * LOW HITPOINT WARNING * * *
The hound bites you but does no damage.
You hit the hound.
You kill the hound!
The hound's corpse disappears in a puff of smoke!
The jelly quivers.
The orc shouts!
You see here a +0 robe.
Aiming: Throw Flame
Press: ? - help, Shift-Dir - straight line, f - orc
Aim: an orc, wielding a +0 mace (summoned, 68% to hit)
The puff of flame hits the orc.
You kill the orc!
The orc's corpse disappears in a puff of smoke!
Aiming: Throw Flame
Press: ? - help, Shift-Dir - straight line, f - jelly
Aim: a jelly (summoned, 100% to hit)
The puff of flame hits the jelly.
The jelly is moderately wounded.
Aiming: Throw Flame
Press: ? - help, Shift-Dir - straight line, f/p - jelly
Aim: a jelly (moderately wounded, summoned, 100% to hit)
The puff of flame hits the jelly.
The jelly is heavily wounded.
You hit the jelly.
Your hands burn!
You die...
Xom chuckles heartily!

#.# #.#### #.#
########.# #.#
#......#.# #.#
#......#.# #.#
#......#.#### #.#
#.........##. #.#
######....##.
#.#########....##.
#@J.....#.....###.
#######.#.#######.
#.#....... ..
#.#.......
.#######.#.......
...........#####
#..####.#.## #....
#.#.# #...# #†#.#


You could see a jelly (summoned).

Vanquished Creatures
  Sigmund (D:5)
  4 scorpions (D:4)
  A necrophage (D:4)
  A howler monkey (D:5)
  A hound (D:3)
  2 orc priests
  Ijyb (D:3)
  2 orc wizards (D:4)
  A gnoll (D:1)
  9 adders
  3 worms
  A dart slug (D:1)
  8 orcs (D:4)
  8 endoplasms
  7 giant cockroaches
  5 goblins
  4 hobgoblins
  11 jackals
  7 kobolds
  2 quokkas
  17 ball pythons
  9 bats
  6 frilled lizards
  8 rats
119 creatures vanquished.

Vanquished Creatures (collateral kills)
  An orc (D:4)
  2 ball pythons (D:4)
3 creatures vanquished.

Vanquished Creatures (others)
  A jackal (D:5)
  5 fungi (D:4)
6 creatures vanquished.

Grand Total: 128 creatures vanquished

Notes
Turn   | Place    | Note
-------+----------+-------------------------------------------
     0 | D:1      | blackman the Human Monk began the quest for the Orb.
     0 | D:1      | Reached XP level 1. HP: 18/18 MP: 1/1
    19 | D:1      | Found Kikothui's Antique Armour Shop.
    97 | D:1      | Reached XP level 2. HP: 11/24 MP: 2/2
   772 | D:1      | Reached XP level 3. HP: 5/29 MP: 3/3
  1509 | D:1      | Reached XP level 4. HP: 30/35 MP: 4/4
  1922 | D:2      | Found a hide-covered altar of Uskayaw.
  2320 | D:2      | Reached skill level 5 in Axes
  2920 | D:2      | Reached skill level 1 in Maces & Flails
  2954 | D:2      | Reached XP level 5. HP: 41/41 MP: 5/5
  3018 | D:3      | Found a faded altar of an unknown god.
  3025 | D:3      | Prayed at the altar of an unknown god.
  3025 | D:3      | Became a worshipper of Xom of Chaos
  3058 | D:3      | Noticed Ijyb
  3059 | D:3      | XOM: potion effect (might)
  3070 | D:3      | Killed Ijyb
  3071 | D:3      | Reached skill level 2 in Maces & Flails
  3317 | D:3      | XOM: silly message
  3373 | D:3      | Found a stormy altar of Qazlal.
  3522 | D:3      | Reached skill level 3 in Maces & Flails
  3634 | D:3      | Reached XP level 6. HP: 45/47 MP: 6/6
  3797 | D:3      | Found Dysch's Assorted Antiques.
  3940 | D:3      | XOM: noise
  4042 | D:4      | XOM: potion effect (haste)
  4048 | D:4      | XOM: butterfly on damage
  4054 | D:4      | XOM: enchant monster (bad)
  4076 | D:4      | Reached skill level 4 in Maces & Flails
  4409 | D:4      | XOM: 1-stop teleportation journey
  4411 | D:4      | XOM: 1-stop teleportation journey
  4416 | D:4      | XOM: summons friendly crimson imp
  4422 | D:4      | XOM: smoke on damage
  4462 | D:4      | Reached XP level 7. HP: 25/52 MP: 7/7
  4526 | D:4      | Reached skill level 5 in Maces & Flails
  4749 | D:4      | XOM: god gift: 60 gold pieces
  5084 | D:4      | XOM: noise
  5089 | D:5      | Entered Level 5 of the Dungeon
  5089 | D:5      | Noticed Sigmund
  5089 | D:5      | XOM: destruction
  5097 | D:5      | Killed Sigmund
  5099 | D:5      | XOM: scenery: summon butterflies
  5104 | D:5      | Noticed Eustachio
  5104 | D:5      | XOM: 7-stop teleportation journey
  5117 | D:5      | Reached skill level 6 in Maces & Flails
  5229 | D:4      | XOM: give mutation
  5229 | D:4      | Gained mutation: Your body sometimes deteriorates upon
                  | taking damage. [Xom's mischief]
  5598 | D:4      | XOM: blink monster(s)
  5785 | D:4      | XOM: give mutations
  5785 | D:4      | Gained mutation: You are frail. (-10% HP) [Xom's mischief]
  5785 | D:4      | Gained mutation: You occasionally shout uncontrollably at
                  | your foes. [Xom's mischief]
  5798 | D:4      | Reached skill level 7 in Maces & Flails
  5798 | D:4      | Reached XP level 8. HP: 35/52 MP: 8/8
  6266 | D:5      | XOM: summons 4 hostile shadow creatures
  6282 | D:5      | XOM: polymorph gnoll -> hound
  6295 | D:5      | Splashed by a jelly's acid

Illustrated notes

Levels and vault maps discovered:
D:1:      eino_arrival_druids_welcome, layout_basic, serial_shops,
          nicolae_shop_advertising_works [nicolae_subvault_shop_adworks],
          nicolae_eternal_life, minmay_hexomino_u4
D:2:      layout_rooms, basic_altar
D:3:      layout_loops_ring, lemuel_doored_altar, serial_shops, shop,
          dreamdust_ecumenical_altar_hidden_monk_grotto, st_stairs_3, uniq_ijyb
D:4:      old_forge, layout_rooms
D:5:      kennysheep_six_static_rooms, layout_basic,
          nicolae_overflow_hidden_temple, minmay_temple_entry_proselytizer,
          st_stairs_2, uniq_sigmund, uniq_eustachio, uniq_edmund

Skill      XL: |  1  2  3  4  5  6  7 |
---------------+----------------------+-----
Axes           | 4 5 |  5.3
Maces & Flails | 1 3 4 7 |  7.1
Fighting       | |  3.0
Dodging        | |  3.0
Stealth        | |  2.0

Action                   |  1- 3 |  4- 6 |  7- 9 || total
-------------------------+-------+-------+-------++-------
Melee: Hand axe          |    58 |       |       ||    58
       Punch             |     3 |     3 |     2 ||     8
       Dagger            |    34 |   200 |   123 ||   357
Evoke: Wand              |       |     4 |     5 ||     9
  Use: Potion            |       |     2 |     2 ||     4
       Scroll            |       |       |     8 ||     8
 Stab: Sleeping          |     5 |     2 |       ||     7
       Held in net/web   |       |       |     1 ||     1
Armor: Robe              |    16 |    10 |       ||    26
       Chain mail        |       |    95 |    88 ||   183
Dodge: Dodged            |    73 |    76 |    49 ||   198

Table legend: (Time is in decaauts)
 A = Elapsed time spent in this place.
 B = Non-inter-level travel time spent in this place.
 C = Inter-level travel time spent in this place.
 D = Time resting spent in this place.
 E = Time spent auto-exploring this place.
 F = Levels seen in this place.
 G = Mean time per level.
                   A        B        C        D        E       F      G
               +--------+--------+--------+--------+--------+-----+--------+
         Total |   6293 |   6048 |    245 |   1839 |   3300 |   5 | 1258.6 |
       Dungeon |   6293 |   6048 |    245 |   1839 |   3300 |   5 | 1258.6 |
               +--------+--------+--------+--------+--------+-----+--------+

Top non-repeatable levels by time:
     D:4: 2055 daAuts
     D:1: 1903 daAuts
     D:2: 1102 daAuts
     D:3: 1023 daAuts
     D:5: 209 daAuts
